[Event "ICC Open 2015"]
[Site "Internet Chess Club"]
[Date "2015.05.29"]
[Round "9"]
[White "mcplayerus"]
[Black "muhit"]
[Result "0-1"]
[ICCResult "White checkmated"]
[WhiteElo "1814"]
[BlackElo "2034"]
[Opening "Queen's pawn game"]
[ECO "E00"]
[NIC "QP.07"]
[Time "15:38:28"]
[TimeControl "180+0"]

1. d4 Nf6 2. c4 e6 3. a3 b6 4. Nc3 Bb7 5. Nf3 d5 6. cxd5 exd5 7. Bf4 Bd6 8.
Bxd6 Qxd6 9. Qd2 O-O 10. Qg5 a6 11. e3 c5 12. Bd3 Nbd7 13. Qg3 Qe7 14. O-O
Ne4 15. Qf4 Rac8 16. Rac1 Rfe8 17. Rfd1 cxd4 18. Nxd4 Nxc3 19. Rxc3 Rxc3 20.
bxc3 Nc5 21. Bc2 g6 22. a4 Ne4 23. Ne2 Rc8 24. Bxe4 dxe4 25. h4 h5 26. Rd6
Rd8 27. Rxb6 Rd1+ 28. Kh2 Kg7 29. Nd4 Bc8 30. Rb8 Bg4 31. Nc6 Qxh4#
{White checkmated}
0-1

[Event "ICC Open 2015"]
[Site "Internet Chess Club"]
[Date "2015.05.29"]
[Round "9"]
[White "bennywins"]
[Black "talaatabdin"]
[Result "0-1"]
[ICCResult "White checkmated"]
[WhiteElo "1155"]
[BlackElo "1348"]
[Opening "Giuoco Pianissimo: Italian four knights variation"]
[ECO "C47"]
[NIC "RG.01"]
[Time "15:39:20"]
[TimeControl "180+0"]

1. e4 e5 2. Nf3 Nf6 3. Nc3 Nc6 4. Bc4 Bc5 5. d3 h6 6. O-O d6 7. Be3 Bb6 8.
a4 Bg4 9. Bxb6 axb6 10. h3 Bh5 11. Re1 O-O 12. Re3 Nd4 13. Qd2 Bxf3 14. gxf3
Nh5 15. Ne2 Qg5+ 16. Kf1 Nf4 17. Nxf4 exf4 18. Ree1 Nxf3 19. Qe2 Qg1#
{White checkmated}
0-1

[Event "ICC Open 2015"]
[Site "Internet Chess Club"]
[Date "2015.05.29"]
[Round "9"]
[White "FedoseevVl95"]
[Black "BlueGreen"]
[Result "1-0"]
[ICCResult "Black checkmated"]
[WhiteElo "3097"]
[BlackElo "2689"]
[Opening "Queen's Indian: 4.Nc3"]
[ECO "E12"]
[NIC "QP.11"]
[Time "15:38:29"]
[TimeControl "180+0"]

1. Nf3 Nf6 2. c4 e6 3. Nc3 b6 4. d4 Bb7 5. Bf4 Be7 6. e3 O-O 7. Be2 d5 8.
O-O c5 9. dxc5 bxc5 10. cxd5 exd5 11. Rc1 Nbd7 12. Ne5 Rc8 13. Bf3 Nb6 14.
Qe2 Re8 15. Rfd1 Bd6 16. Nxf7 Kxf7 17. Bxd6 Qxd6 18. Nb5 Qb8 19. Bg4 Rcd8
20. Rxc5 Ba6 21. Bf3 Nbd7 22. Rcxd5 Nxd5 23. Bxd5+ Kf8 24. Qh5 Re7 25. Qxh7
Rf7 26. Bxf7 Kxf7 27. Nd6+ Kf6 28. Qf5+ Ke7 29. Qf7# {Black checkmated} 1-0

[Event "ICC Open 2015"]
[Site "Internet Chess Club"]
[Date "2015.05.29"]
[Round "9"]
[White "Chessfreak"]
[Black "yellow"]
[Result "1-0"]
[ICCResult "Black checkmated"]
[WhiteElo "1821"]
[BlackElo "1524"]
[Opening "Queen's pawn"]
[ECO "A40"]
[NIC "QO.17"]
[Time "15:41:21"]
[TimeControl "180+0"]

1. d4 e6 2. Nf3 d5 3. c4 c5 4. Nc3 dxc4 5. e4 cxd4 6. Nxd4 Nc6 7. Be3 a6 8.
Nxc6 bxc6 9. Qxd8+ Kxd8 10. O-O-O+ Kc7 11. Bxc4 Bb7 12. Na4 Nf6 13. Bb6+ Kc8
14. Rd8# {Black checkmated} 1-0

[Event "ICC Open 2015"]
[Site "Internet Chess Club"]
[Date "2015.05.29"]
[Round "9"]
[White "Megadeth"]
[Black "kl5555"]
[Result "0-1"]
[ICCResult "White resigns"]
[WhiteElo "1381"]
[BlackElo "1774"]
[Opening "Queen's gambit declined"]
[ECO "D30"]
[NIC "QP.08"]
[Time "15:39:35"]
[TimeControl "180+0"]

1. d4 d5 2. c4 e6 3. cxd5 exd5 4. Nc3 Nc6 5. Bf4 Bb4 6. e3 Bf5 7. Bb5 Bxc3+
8. bxc3 Ne7 9. Bd3 O-O 10. Nf3 f6 11. O-O g5 12. Bg3 h5 13. h4 g4 14. Bxf5
Nxf5 15. Nd2 Nxg3 16. fxg3 f5 17. Qe2 Qd6 18. Qf2 a6 19. Qf4 Qxf4 20. Rxf4
Kg7 21. Raf1 Ne7 22. Nb3 b6 23. Kf2 Ng6 {White resigns} 0-1

[Event "ICC Open 2015"]
[Site "Internet Chess Club"]
[Date "2015.05.29"]
[Round "9"]
[White "SusikoiraRoi"]
[Black "dwg6"]
[Result "0-1"]
[ICCResult "White checkmated"]
[WhiteElo "1887"]
[BlackElo "2253"]
[Opening "Robatsch (modern) defense"]
[ECO "B06"]
[NIC "KF.05"]
[Time "15:38:52"]
[TimeControl "180+0"]

1. e4 g6 2. d4 Bg7 3. Nc3 d6 4. h4 Nc6 5. Be3 Nf6 6. Be2 e5 7. d5 Nd4 8.
Bxd4 exd4 9. Qxd4 O-O 10. Qd3 Nd7 11. h5 Nc5 12. Qc4 Re8 13. f3 Qg5 14. Kf1
Bd7 15. Nh3 Qg3 16. hxg6 hxg6 17. b4 Na4 18. Nxa4 Bxa1 19. Nc3 c6 20. Nf2
Rac8 21. dxc6 Rxc6 22. Rh8+ Kxh8 23. Qxf7 Bxc3 24. Qxd7 Rec8 25. Ng4 Qe1#
{White checkmated}
0-1

[Event "ICC Open 2015"]
[Site "Internet Chess Club"]
[Date "2015.05.29"]
[Round "9"]
[White "eltigrecu"]
[Black "MBAStudent"]
[Result "0-1"]
[ICCResult "White resigns"]
[WhiteElo "2065"]
[BlackElo "1815"]
[Opening "Trompowsky attack (Ruth, Opocenský opening)"]
[ECO "A45"]
[NIC "QP.07"]
[Time "15:38:30"]
[TimeControl "180+0"]

1. d4 Nf6 2. Bg5 e6 3. e4 Be7 4. Bxf6 Bxf6 5. Nc3 d5 6. e5 Be7 7. f4 c5 8.
Nf3 Nc6 9. Bb5 Bd7 10. O-O cxd4 11. Nxd4 Bc5 12. Bxc6 bxc6 13. Kh1 Bb6 14.
Na4 Bc7 15. Nc5 Qe7 16. b4 a5 17. a3 Bb6 18. Nxd7 Qxd7 19. c3 c5 20. bxc5
Bxc5 21. Qd3 O-O 22. f5 g6 23. f6 Rfc8 24. Qe3 Bf8 25. Rf3 h6 26. Rg3 Kh7
27. Rf1 Rab8 28. h4 Qc7 29. h5 g5 30. Qd3+ Kh8 31. Re1 Qc4 32. Qd2 Kh7 33.
Kh2 Rc7 34. Rc1 Rcb7 35. Nf3 Rb2 36. Nxg5+ hxg5 37. Qxg5 Bh6 38. Qh4 Qxh4+
39. Rh3 Qf4+ {White resigns} 0-1

[Event "ICC Open 2015"]
[Site "Internet Chess Club"]
[Date "2015.05.29"]
[Round "9"]
[White "HematiteBrown"]
[Black "Rinazina46"]
[Result "1-0"]
[ICCResult "Black resigns"]
[WhiteElo "2108"]
[BlackElo "1888"]
[Opening "Sicilian: Anderssen variation"]
[ECO "B41"]
[NIC "SI.41"]
[Time "15:39:47"]
[TimeControl "180+0"]

1. e4 c5 2. Nf3 e6 3. d4 cxd4 4. Nxd4 Nf6 5. Nc3 Nc6 6. Ndb5 Bb4 7. a3 Bxc3+
8. Nxc3 d5 9. Bd3 d4 10. Ne2 e5 11. O-O O-O 12. f4 exf4 13. Nxf4 Ne5 14. h3
Qb6 15. Kh1 Nfd7 16. Nd5 Qd8 17. Bf4 f6 18. Qe1 Nxd3 19. cxd3 Ne5 20. Qg3
Re8 21. Bxe5 fxe5 22. Nf6+ Kh8 23. Nxe8 Qxe8 24. Qxe5 {Black resigns} 1-0

[Event "ICC Open 2015"]
[Site "Internet Chess Club"]
[Date "2015.05.29"]
[Round "9"]
[White "Jack-Daniels"]
[Black "Zigfrid"]
[Result "1-0"]
[ICCResult "Black resigns"]
[WhiteElo "2902"]
[BlackElo "3106"]
[Opening "Nimzo-Indian: Reshevsky variation"]
[ECO "E46"]
[NIC "NI.10"]
[Time "15:38:39"]
[TimeControl "180+0"]

1. d4 Nf6 2. c4 e6 3. Nc3 Bb4 4. e3 O-O 5. Ne2 d5 6. a3 Be7 7. cxd5 exd5 8.
g3 Re8 9. Bg2 a5 10. O-O Na6 11. Qc2 Bf8 12. Bd2 c6 13. Rad1 Bg4 14. f3 Bh5
15. Nf4 Bg6 16. Nxg6 hxg6 17. Bc1 Qb6 18. Kh1 Rad8 19. e4 Nc7 20. e5 Nd7 21.
f4 Be7 22. f5 gxf5 23. Qxf5 Rf8 24. Qg4 Ne6 25. Ne2 c5 26. Nc3 Rde8 27. Nxd5
Qd8 28. dxc5 Nxe5 29. Qf5 Nc6 30. b4 axb4 31. axb4 g6 32. Qg4 Qb8 33. Bb2
Bd8 34. Rde1 f5 35. Qxg6+ {Black resigns} 1-0

[Event "ICC Open 2015"]
[Site "Internet Chess Club"]
[Date "2015.05.29"]
[Round "9"]
[White "xime"]
[Black "HPG1947"]
[Result "0-1"]
[ICCResult "White forfeits on time"]
[WhiteElo "1403"]
[BlackElo "1782"]
[Opening "Dutch defense"]
[ECO "A40"]
[NIC "QO.17"]
[Time "15:38:40"]
[TimeControl "180+0"]

1. d4 e6 2. c4 f5 3. h3 Nf6 4. g4 d5 5. g5 Ne4 6. h4 Bb4+ 7. Bd2 Nxd2 8.
Nxd2 dxc4 9. e3 c3 10. bxc3 Bxc3 11. Rb1 Qd5 12. Qf3 Qxa2 13. Rd1 Nc6
{White forfeits on time}
0-1

[Event "ICC Open 2015"]
[Site "Internet Chess Club"]
[Date "2015.05.29"]
[Round "9"]
[White "magnuswizard"]
[Black "BennieHill"]
[Result "1-0"]
[ICCResult "Black checkmated"]
[WhiteElo "2049"]
[BlackElo "1207"]
[Opening "Old Indian: Tartakower (Wade) variation"]
[ECO "A04"]
[NIC "QP.11"]
[Time "15:38:23"]
[TimeControl "180+0"]

1. Nf3 d6 2. d4 Bg4 3. c4 c6 4. Nc3 e6 5. e4 Ne7 6. Be2 Ng6 7. Be3 Nd7 8. h3
Bxf3 9. Bxf3 Be7 10. O-O O-O 11. Qe2 Bg5 12. Rac1 Bxe3 13. Qxe3 e5 14. d5 c5
15. a3 a6 16. Ne2 Nb6 17. Ng3 Nxc4 18. Rxc4 Nh4 19. Rc2 Nxf3+ 20. Qxf3 Rb8
21. Nf5 Qf6 22. Qg4 b5 23. Rc3 g6 24. Rf3 Kh8 25. Nh6 Qg7 26. Qh4 Rb7 27.
Rf6 a5 28. f4 exf4 29. Qxf4 a4 30. Qxd6 Qxh6 31. e5 Qe3+ 32. Kh1 Rbb8 33. e6
Rbd8 34. e7 Rxd6 35. exf8=Q# {Black checkmated} 1-0

[Event "ICC Open 2015"]
[Site "Internet Chess Club"]
[Date "2015.05.29"]
[Round "9"]
[White "Red-white"]
[Black "FlyAway"]
[Result "0-1"]
[ICCResult "White resigns"]
[WhiteElo "3225"]
[BlackElo "2873"]
[Opening "Sicilian: Kan, Maróczy bind (Réti variation)"]
[ECO "B41"]
[NIC "SI.41"]
[Time "15:39:19"]
[TimeControl "180+0"]

1. e4 c5 2. Nf3 e6 3. d4 cxd4 4. Nxd4 a6 5. c4 Nf6 6. Bd3 Nc6 7. Nxc6 dxc6
8. O-O e5 9. Nc3 Bc5 10. Kh1 Ng4 11. Qf3 Qh4 12. h3 Nxf2+ 13. Kh2 Be6 14.
Be2 Ng4+ 15. Kh1 Nf2+ 16. Kh2 Bg4 17. Qg3 Qxg3+ 18. Kxg3 Bxe2 19. Nxe2 Nxe4+
20. Kf3 f5 21. g4 O-O 22. Be3 Rad8 23. gxf5 Rd3 {White resigns} 0-1

[Event "ICC Open 2015"]
[Site "Internet Chess Club"]
[Date "2015.05.29"]
[Round "9"]
[White "TedBelanoff"]
[Black "Chisel"]
[Result "0-1"]
[ICCResult "White checkmated"]
[WhiteElo "1935"]
[BlackElo "1751"]
[Opening "Giuoco Pianissimo: Canal variation"]
[ECO "C55"]
[NIC "IG.01"]
[Time "15:40:01"]
[TimeControl "180+0"]

1. e4 e5 2. Nf3 Nc6 3. Bc4 Nf6 4. d3 Bc5 5. Nc3 d6 6. Bg5 Be6 7. Bxf6 Qxf6
8. Nd5 Bxd5 9. Bxd5 O-O 10. c3 Ne7 11. Bb3 c6 12. O-O Ng6 13. d4 exd4 14.
cxd4 Bb6 15. Re1 Nf4 16. Qd2 Rae8 17. g3 Ng6 18. Kg2 h5 19. Re2 h4 20. Rae1
h3+ 21. Kf1 Qxf3 22. Re3 Qg2+ 23. Ke2 Qxh2 24. Kd3 Qg2 25. Qe2 h2 26. Qg4 d5
27. e5 h1=Q 28. Rxh1 Qxh1 29. f4 Qb1+ 30. Ke2 Bxd4 31. e6 Bxe3 32. f5 Ne5
33. Qh3 Qe4 34. Bc2 Qf3+ 35. Ke1 Qf2+ 36. Kd1 Qd2# {White checkmated} 0-1

[Event "ICC Open 2015"]
[Site "Internet Chess Club"]
[Date "2015.05.29"]
[Round "9"]
[White "Merula"]
[Black "Kempka"]
[Result "0-1"]
[ICCResult "White resigns"]
[WhiteElo "2231"]
[BlackElo "2727"]
[Opening "Trompowsky attack (Ruth, Opocenský opening)"]
[ECO "A45"]
[NIC "QP.07"]
[Time "15:39:11"]
[TimeControl "180+0"]

1. d4 Nf6 2. Bg5 c5 3. Bxf6 exf6 4. d5 Bd6 5. g3 Qb6 6. Qc1 O-O 7. Bg2 Re8
8. e3 f5 9. Ne2 Be5 10. c3 d6 11. Nd2 Qa6 12. Qd1 Nd7 13. O-O Nf6 14. f4 Ng4
15. fxe5 Nxe3 16. Qe1 Nc2 17. Qf2 Nxa1 18. Rxa1 Rxe5 19. Nf4 Bd7 20. Nf3 Re7
21. a3 Rae8 22. h4 h6 23. h5 Qc4 24. Bf1 Qb3 25. Bd3 b5 26. Bf1 a5 27. Kh2
b4 28. axb4 axb4 29. cxb4 Qxb4 30. Ra6 Bb5 31. Bxb5 Qxb5 32. Rxd6 Re2 33.
Nxe2 Rxe2 34. Kg2 Qxb2 {White resigns} 0-1

[Event "ICC Open 2015"]
[Site "Internet Chess Club"]
[Date "2015.05.29"]
[Round "9"]
[White "yaguaro"]
[Black "auket40"]
[Result "1-0"]
[ICCResult "Black forfeits on time"]
[WhiteElo "2084"]
[BlackElo "1658"]
[Opening "French: Steinitz variation"]
[ECO "C11"]
[NIC "FR.04"]
[Time "15:39:10"]
[TimeControl "180+0"]

1. e4 e6 2. d4 d5 3. Nc3 Nf6 4. e5 Nfd7 5. f4 a6 6. Nf3 c5 7. Bd3 cxd4 8.
Nxd4 Bc5 9. Nce2 Nc6 10. c3 Nxd4 11. cxd4 Bb4+ 12. Bd2 Bxd2+ 13. Qxd2 O-O
14. O-O f6 15. Rac1 Qb6 16. Bb1 fxe5 17. fxe5 Rxf1+ 18. Rxf1 Qd8 19. Qf4 Qf8
20. Qh4 g6 21. Rxf8+ Nxf8 22. Qd8 b5 23. Qc7 Bd7 24. h4 Rc8 25. Qd6 Rc6 26.
Qe7 Rc8 27. h5 Re8 28. Qd6 {Black forfeits on time} 1-0

[Event "ICC Open 2015"]
[Site "Internet Chess Club"]
[Date "2015.05.29"]
[Round "9"]
[White "noyb"]
[Black "geographywhiz"]
[Result "0-1"]
[ICCResult "White resigns"]
[WhiteElo "1588"]
[BlackElo "1963"]
[Opening "Modern defense"]
[ECO "A40"]
[NIC "QO.17"]
[Time "15:39:32"]
[TimeControl "180+0"]

1. d4 g6 2. c3 Bg7 3. Nf3 c5 4. Bf4 e6 5. e3 Ne7 6. Bd3 Nbc6 7. h3 cxd4 8.
exd4 O-O 9. O-O Nd5 10. Bh2 a6 11. Nbd2 b5 12. Ne4 Bb7 13. Nd6 Qb6 14. Re1
Nce7 15. Nxb7 Qxb7 16. Ne5 Nc6 17. Nf3 b4 18. c4 Nde7 19. Bf1 Rac8 20. b3 d5
21. c5 Nf5 22. Be5 Nxe5 23. dxe5 Rxc5 24. Qd3 a5 25. Rac1 Rfc8 26. Rxc5 Rxc5
27. g4 Ne7 28. Nd4 Nc6 29. Bg2 Nxd4 30. Qxd4 Qc6 31. Rd1 Rc1 32. h4 Qc3 33.
Kh2 Bxe5+ {White resigns} 0-1

[Event "ICC Open 2015"]
[Site "Internet Chess Club"]
[Date "2015.05.29"]
[Round "9"]
[White "chesstempo2"]
[Black "bigali"]
[Result "1-0"]
[ICCResult "Black resigns"]
[WhiteElo "1984"]
[BlackElo "1592"]
[Opening "Queen's pawn game, Rubinstein (Colle-Zukertort) variation"]
[ECO "D05"]
[NIC "QP.08"]
[Time "15:38:22"]
[TimeControl "180+0"]

1. d4 d5 2. Nf3 e6 3. e3 Nf6 4. Bd3 c5 5. b3 cxd4 6. exd4 Be7 7. Bb2 O-O 8.
Nbd2 Nc6 9. a3 a6 10. O-O b5 11. Ne5 Bb7 12. f4 Rc8 13. Rf3 Qb6 14. Nxc6
Bxc6 15. Rh3 g6 16. Nf3 Ne4 17. Ne5 f6 18. Nxc6 Qxc6 19. Qe1 f5 20. Rc1 a5
21. Qxa5 Rb8 22. Bxe4 fxe4 23. Rc3 Qb7 24. Rc7 Ra8 25. Rxb7 Rxa5 26. Rxe7
Rxf4 27. Rxe6 b4 28. a4 Kf7 29. Re5 Kf6 30. Rf1 g5 31. Rxf4+ gxf4 32. g3 f3
33. Kf2 h6 34. Rh5 Kg6 35. Re5 Kf6 36. c3 bxc3 37. Bxc3 Ra6 38. Bd2 Rb6 39.
b4 Rc6 40. Bxh6 Rc2+ 41. Kf1 Rd2 42. Bxd2 {Black resigns} 1-0

[Event "ICC Open 2015"]
[Site "Internet Chess Club"]
[Date "2015.05.29"]
[Round "9"]
[White "eddington"]
[Black "nikenwidiartto"]
[Result "1-0"]
[ICCResult "Black resigns"]
[WhiteElo "2104"]
[BlackElo "1807"]
[Opening "Scandinavian defense"]
[ECO "B01"]
[NIC "SD.03"]
[Time "15:39:48"]
[TimeControl "180+0"]

1. e4 d5 2. exd5 Nf6 3. d4 Bg4 4. Be2 Bxe2 5. Qxe2 Qxd5 6. Nf3 e6 7. c4 Bb4+
8. Bd2 Bxd2+ 9. Nbxd2 Qh5 10. O-O c6 11. Qe3 O-O 12. h3 Nbd7 13. Ne5 Rfd8
14. f4 c5 15. dxc5 Nxe5 16. fxe5 Nd7 17. Nf3 Rac8 18. b4 Rc6 19. Rad1 Rc7
20. Ng5 Rdc8 21. Nxf7 b6 22. c6 Nb8 23. Nd6 Rd8 24. b5 a6 25. a4 axb5 26.
axb5 Nxc6 27. bxc6 Rxc6 28. Qf3 Qxf3 29. gxf3 Rc5 30. f4 g5 31. Ne4 Rxc4 32.
Rxd8+ {Black resigns} 1-0

[Event "ICC Open 2015"]
[Site "Internet Chess Club"]
[Date "2015.05.29"]
[Round "9"]
[White "Durarbeyli"]
[Black "Mercury"]
[Result "1-0"]
[ICCResult "Black forfeits on time"]
[WhiteElo "2866"]
[BlackElo "2457"]
[Opening "Sicilian: Taimanov (Bastrikov) variation"]
[ECO "B47"]
[NIC "SI.40"]
[Time "15:38:28"]
[TimeControl "180+0"]

1. e4 c5 2. Nf3 Nc6 3. d4 cxd4 4. Nxd4 Qc7 5. Nc3 e6 6. Be2 a6 7. O-O Nf6 8.
Kh1 Nxd4 9. Qxd4 Bc5 10. Qd3 b5 11. f4 Bb7 12. e5 Nd5 13. Nxd5 Bxd5 14. Qg3
O-O 15. f5 Kh8 16. f6 gxf6 17. Rxf6 Rg8 18. Bg4 Rxg4 19. Qxg4 Qxe5 20. Bg5
Rg8 21. h4 Bd6 22. Qh3 Qxb2 23. Raf1 Be7 24. Rxf7 Bxg5 25. hxg5 Be4 26. Rxd7
Qxc2 27. Rff7 Rxg5 28. Rf8+ Rg8 29. Rxg8+ Kxg8 30. Qg3+ {Black forfeits on
time} 1-0

[Event "ICC Open 2015"]
[Site "Internet Chess Club"]
[Date "2015.05.29"]
[Round "9"]
[White "jesusreigns"]
[Black "motipen"]
[Result "0-1"]
[ICCResult "White checkmated"]
[WhiteElo "1632"]
[BlackElo "1908"]
[Opening "QGA: 3.e4"]
[ECO "D20"]
[NIC "QG.04"]
[Time "15:38:25"]
[TimeControl "180+0"]

1. d4 d5 2. c4 dxc4 3. e4 Nc6 4. Nf3 Bg4 5. d5 Ne5 6. Be2 Bxf3 7. gxf3 c6 8.
f4 Nd3+ 9. Bxd3 cxd3 10. Qxd3 e6 11. Nc3 Nf6 12. Be3 exd5 13. e5 Ng4 14.
O-O-O Nxe3 15. fxe3 Qa5 16. Rhg1 g6 17. f5 Bb4 18. fxg6 fxg6 19. Rxg6 Bxc3
20. Re6+ Kd7 21. Rd6+ Kc7 22. Qf5 Bxb2+ 23. Kxb2 Rad8 24. Qf7+ Kb8 25. Re6
Rhf8 26. Qxh7 Rf2+ 27. Kb1 Qxa2+ 28. Kc1 Qb2# {White checkmated} 0-1

[Event "ICC Open 2015"]
[Site "Internet Chess Club"]
[Date "2015.05.29"]
[Round "9"]
[White "MojoRising"]
[Black "escorpionx"]
[Result "1-0"]
[ICCResult "Black resigns"]
[WhiteElo "2259"]
[BlackElo "1593"]
[Opening "QGD semi-Slav"]
[ECO "D43"]
[NIC "QO.16"]
[Time "15:38:51"]
[TimeControl "180+0"]

1. d4 e6 2. c4 d5 3. Nc3 Nf6 4. Nf3 c6 5. Bg5 h6 6. Bh4 Bb4 7. Qc2 g5 8. Bg3
Ne4 9. Nd2 Nxd2 10. Qxd2 Nd7 11. e3 Nf6 12. a3 Qa5 13. Rc1 Bxc3 14. Qxc3
Qxc3+ 15. bxc3 Ne4 16. cxd5 exd5 17. Bd3 O-O 18. Ke2 f5 19. Be5 Be6 20. f3
Nf6 21. h4 g4 22. fxg4 Nxg4 23. Bf4 Rae8 24. Kf3 Bc8 25. c4 Be6 26. c5 Bc8
27. Rb1 Kg7 28. a4 a6 29. Rb6 Rf7 30. Rhb1 Rfe7 31. Re1 Kf6 32. g3 Kg7 33.
a5 Kf6 34. Bf1 Kg6 35. Bh3 h5 36. Bxg4 fxg4+ 37. Kf2 Bf5 38. Be5 Re6 39.
Rxb7 {Black resigns} 1-0

[Event "ICC Open 2015"]
[Site "Internet Chess Club"]
[Date "2015.05.29"]
[Round "9"]
[White "jewels2"]
[Black "born2die"]
[Result "0-1"]
[ICCResult "White forfeits on time"]
[WhiteElo "1297"]
[BlackElo "1686"]
[Opening "Old Indian defense"]
[ECO "A53"]
[NIC "OI.04"]
[Time "15:38:19"]
[TimeControl "180+0"]

1. d4 Nf6 2. c4 d6 3. Nc3 h5 4. e4 c6 5. h3 e5 6. Nf3 exd4 7. Nxd4 Be7 8.
Bg5 Nbd7 9. Nf5 Bf8 10. Bd3 Qa5 11. Bd2 Ne5 12. Nd5 Nxd3+ 13. Ke2 Qd8 14.
Nxf6+ Qxf6 15. Kxd3 Bxf5 16. exf5 Qxf5+ 17. Kc3 O-O-O 18. Be3 Kb8 19. Qa4 a6
20. Rhd1 g5 21. Rd3 Bg7+ 22. Kc2 d5 23. Qa5 Qe4 24. Qb6 Qxc4+ 25. Kd2 d4 26.
Bxg5 Rd7 27. Bf4+ Ka8 28. Rc1 Qb5 29. Qxb5 axb5 {White forfeits on time} 0-1

[Event "ICC Open 2015"]
[Site "Internet Chess Club"]
[Date "2015.05.29"]
[Round "9"]
[White "ShcherbinMatvei"]
[Black "EREBUNI"]
[Result "1-0"]
[ICCResult "Black resigns"]
[WhiteElo "2675"]
[BlackElo "3043"]
[Opening "Sicilian: Alapin's variation (2.c3)"]
[ECO "B22"]
[NIC "SI.46"]
[Time "15:39:34"]
[TimeControl "180+0"]

1. e4 c5 2. c3 d5 3. exd5 Qxd5 4. d4 g6 5. Nf3 Nh6 6. dxc5 Qxd1+ 7. Kxd1 Ng4
8. Ke1 Nd7 9. b4 Bg7 10. Bb2 a5 11. a3 O-O 12. Nbd2 Nde5 13. h3 Nxf3+ 14.
Nxf3 Nf6 15. Bb5 Ne4 16. Nd4 Rd8 17. Ke2 Bd7 18. Bxd7 Rxd7 19. Rhd1 Rad8 20.
f3 Nxc3+ 21. Bxc3 Bxd4 22. Bxd4 Rxd4 23. Rxd4 Rxd4 24. Rd1 Rc4 25. Kd3 Rf4
26. b5 Kf8 27. c6 bxc6 28. b6 c5 29. b7 Rd4+ 30. Kc2 {Black resigns} 1-0

[Event "ICC Open 2015"]
[Site "Internet Chess Club"]
[Date "2015.05.29"]
[Round "9"]
[White "NAS"]
[Black "vicmel"]
[Result "0-1"]
[ICCResult "White forfeits on time"]
[WhiteElo "1682"]
[BlackElo "1940"]
[Opening "Sicilian: Nimzovich-Rubinstein variation"]
[ECO "B29"]
[NIC "SI.43"]
[Time "15:38:35"]
[TimeControl "180+0"]

1. e4 c5 2. Nf3 Nf6 3. Nc3 Nc6 4. d4 d5 5. exd5 Nxd5 6. Nxd5 Qxd5 7. c4 Qe4+
8. Be2 Nxd4 9. Nxd4 Qxd4 10. Bd2 Qxb2 11. O-O Bd7 12. Rb1 Qd4 13. Rxb7 Bc6
14. Rb3 e6 15. Qc2 Be7 16. Rh3 h6 17. Bc3 Qe4 18. Qxe4 Bxe4 19. Rg3 Bf8 20.
Bxg7 Bxg7 21. Rxg7 Kf8 22. Rg3 Rb8 23. Rd1 Ke7 24. f3 Bb1 25. Rg7 Kf6 26.
Rg4 Bxa2 27. Rf4+ Ke7 28. g3 Bb3 {White forfeits on time} 0-1

[Event "ICC Open 2015"]
[Site "Internet Chess Club"]
[Date "2015.05.29"]
[Round "9"]
[White "SirHarmony"]
[Black "ALexiz"]
[Result "0-1"]
[ICCResult "White forfeits on time"]
[WhiteElo "1533"]
[BlackElo "1775"]
[Opening "Sicilian: wing gambit"]
[ECO "B20"]
[NIC "SI.48"]
[Time "15:38:54"]
[TimeControl "180+0"]

1. e4 c5 2. b4 cxb4 3. d4 d5 4. e5 e6 5. Nf3 Nc6 6. Bd3 Nh6 7. c3 Nf5 8.
Bxf5 exf5 9. O-O Be6 10. a3 bxc3 11. Nxc3 a6 12. Rb1 b5 13. Qc2 Na5 14. Bg5
Be7 15. Bxe7 Qxe7 16. a4 b4 17. Ne2 O-O 18. Rfc1 Nc4 19. Qd3 a5 20. Nf4 Rfc8
21. h3 Qd7 22. Nxe6 fxe6 23. Ng5 h6 24. Nf3 Qxa4 25. Nh4 Qe8 26. Qg3 Kh7 27.
Qe3 Rcb8 28. Qd3 a4 29. g4 g6 30. gxf5 gxf5 31. Nxf5 exf5 32. Qxf5+ Qg6+ 33.
Qxg6+ Kxg6 34. Re1 b3 35. e6 b2 36. e7 Kf7 {White forfeits on time} 0-1

[Event "ICC Open 2015"]
[Site "Internet Chess Club"]
[Date "2015.05.29"]
[Round "9"]
[White "airantrobo"]
[Black "JFB"]
[Result "1-0"]
[ICCResult "Black resigns"]
[WhiteElo "1526"]
[BlackElo "1217"]
[Opening "QGD: Tarrasch defense"]
[ECO "D32"]
[NIC "TD.10"]
[Time "15:39:15"]
[TimeControl "180+0"]

1. d4 d5 2. c4 e6 3. Nc3 c5 4. Nf3 Nc6 5. dxc5 Bxc5 6. cxd5 exd5 7. g3 Nf6
8. Bg2 O-O 9. O-O Bg4 10. Bg5 Re8 11. Na4 Be7 12. h3 Bh5 13. g4 Bg6 14. Be3
d4 15. Nxd4 Nxd4 16. Qxd4 Qc7 17. Nc3 Rad8 18. Qa4 Bc5 19. Bxc5 Qxc5 20.
Rad1 Rc8 21. Bxb7 Qc4 22. Qxc4 Rxc4 23. Ba6 Rf4 24. Bd3 Ne4 25. Nxe4 Bxe4
26. Bxe4 Rexe4 27. Rd8+ {Black resigns} 1-0

[Event "ICC Open 2015"]
[Site "Internet Chess Club"]
[Date "2015.05.29"]
[Round "9"]
[White "Chaos23"]
[Black "paulohaddad"]
[Result "1-0"]
[ICCResult "Black resigns"]
[WhiteElo "2065"]
[BlackElo "1800"]
[Opening "KGA: bishop's gambit"]
[ECO "C33"]
[NIC "KG.03"]
[Time "15:38:31"]
[TimeControl "180+0"]

1. e4 e5 2. f4 exf4 3. Bc4 g5 4. h4 Bg7 5. Qh5 Qe7 6. d3 h6 7. g3 Nf6 8. Qe2
fxg3 9. hxg5 hxg5 10. Rxh8+ Bxh8 11. Bxg5 d6 12. Nc3 c6 13. O-O-O Bg4 14.
Nf3 Nbd7 15. Rg1 O-O-O 16. d4 Rg8 17. Bxf6 Qxf6 18. Rxg3 Qh6+ 19. Kb1 Qf4
20. Qg2 Nf6 21. Bxf7 Rg7 22. Bc4 Nh5 23. Rxg4 Rxg4 24. Be6+ Kc7 25. Qxg4 Qe3
26. Qxh5 Qf2 27. a4 Qf1+ 28. Ka2 Qc4+ 29. Bxc4 {Black resigns} 1-0

[Event "ICC Open 2015"]
[Site "Internet Chess Club"]
[Date "2015.05.29"]
[Round "9"]
[White "RJoseph12"]
[Black "blunder23"]
[Result "0-1"]
[ICCResult "White forfeits on time"]
[WhiteElo "1247"]
[BlackElo "1467"]
[Opening "King's pawn opening"]
[ECO "B07"]
[NIC "VO.17"]
[Time "15:38:28"]
[TimeControl "180+0"]

1. e4 d6 2. d4 e5 3. d5 Nf6 4. Nc3 c6 5. dxc6 bxc6 6. f3 Ba6 7. Bxa6 Nxa6 8.
Nge2 Nc5 9. Bg5 Be7 10. O-O O-O 11. Qe1 Rb8 12. b3 h6 13. Bd2 Ne6 14. Qg3
Nh5 15. Qh3 Nhf4 16. Nxf4 exf4 17. Ne2 Bg5 18. Qg4 Qc8 19. Nxf4 Nxf4 20.
Bxf4 Qxg4 21. fxg4 Bxf4 22. Rxf4 d5 23. exd5 cxd5 24. Rd4 Rbd8 25. Rad1 Rfe8
26. Rxd5 Rxd5 27. Rxd5 Re2 28. Rc5 Re1+ 29. Kf2 Ra1 30. a4 Rd1 31. Rc7 Rd2+
32. Kf1 Kh7 33. Rxa7 Rxc2 34. Rxf7 Rb2 35. a5 Kg6 36. Rb7 Kg5 37. a6 Kf4 38.
a7 Ke3 39. Re7+ Kd3 40. a8=Q Rb1+ 41. Kf2 Rb2+ 42. Kg3 Rxb3 43. Qd8+ Kc2+
44. Kf4 Rd3 45. Rd7 Rd4+ 46. Rxd4 Kc3 47. Qc7+ Kb3 48. Rb4+ Kxb4
{White forfeits on time}
0-1